 Dungeon Crawl Stone Soup version 0.27-a0-1144-g0b7d3b79db (webtiles) character file.

Game seed: 12202956274339915311

3 neco the Cutter (level 1, -2/13 HPs)
             Began as a Deep Elf Chaos Knight on May 10, 2021.
             Was a Plaything of Xom.
             Slain by a shadow imp (4 damage)
             ... on level 3 of the Dungeon.
             The game lasted 00:05:06 (260 turns).

neco the Cutter (Deep Elf Chaos Knight)              Turns: 260, Time: 00:05:06

Health: -2/13      AC:  5    Str:  9    XL:     1   Next: 41%
Magic:  3/3        EV: 12    Int: 16    God:    Xom [..*...]
Gold:   13         SH:  0    Dex: 14    Spells: 0/0 levels left

rFire    . . .     SeeInvis .   e - +0 spear
rCold    . . .     Faith    .   (no shield)
rNeg     . . .     Spirit   .   b - +2 leather armour
rPois    .         Reflect  .   (no helmet)
rElec    .         Harm     .   (no cloak)
rCorr    .         Rampage  .   (no gloves)
Will     .....                  (no boots)
Stlth    +.........             (no amulet)
HPRegen  0.04/turn              (no ring)
MPRegen  0.08/turn              (no ring)

@: no status effects
A: no striking features
a: Renounce Religion


You were on level 3 of the Dungeon.
You worshipped Xom.
You were a toy of Xom.
You visited 1 branch of the dungeon, and saw 3 of its levels.

You collected 13 gold pieces.

Inventory:

Hand Weapons
 a - a +0 short sword of chaos
 c - a +0 short sword
 e - a +0 spear (weapon)
Missiles
 d - 18 stones (quivered)
Armour
 b - a +2 leather armour (worn)


   Skills:
 + Level 2.5 Fighting
 + Level 3.0 Short Blades
 + Level 0.7 Armour
 + Level 2.4 Dodging


You couldn't memorise any spells.
You didn't know any spells.
Your spell library was empty.

Dungeon Overview and Level Annotations

Branches:
Dungeon (3/15)

Altars:


Message History

You barely miss the quokka. The quokka barely misses you.
The quokka closely misses you. The quokka bites you.
Found a stone staircase leading down.
You barely miss the quokka. The quokka closely misses you.
You hit the quokka but do no damage. The quokka barely misses you.
You closely miss the quokka. The quokka misses you.
You hit the quokka but do no damage. The quokka barely misses you.
The quokka bites you but does no damage.
You closely miss the quokka.
The quokka bites you but does no damage.
You hit the quokka.
The quokka is moderately wounded.
The quokka barely misses you.
You completely miss the quokka.
The quokka is moderately wounded.
The quokka bites you but does no damage.
The quokka bites you.
You hit the quokka but do no damage.
The quokka is moderately wounded.
The quokka bites you.
* * * LOW HITPOINT WARNING * * *
You are too injured to fight recklessly!
The quokka barely misses you. The quokka closely misses you.
There is a stone staircase leading down here.
The quokka bites you but does no damage.
You climb downwards.
Found 10 gold pieces.
There is a stone staircase leading up here.
The quokka bites you but does no damage.
The quokka closely misses you. The quokka closely misses you.
The quokka closely misses you.
A shadow imp comes into view.
The quokka bites you.
* * * LOW HITPOINT WARNING * * *
The quokka misses you. The shadow imp hits you.
You die...
Xom snickers!

$.. .. ... .. ..#
###. #.### ###+#..
#...# #.....###
#...# #....<..#
#...# #.....#.#
#5..# #.....# ..
#@#
###+#.##########r#
#............#
##############


You could see a shadow imp and a quokka.

Vanquished Creatures
  A dart slug (D:2)
  A ball python (D:2)
2 creatures vanquished.

Notes
Turn   | Place    | Note
-------+----------+-------------------------------------------
     0 | D:1      | neco the Deep Elf Chaos Knight began the quest for the Orb.
     0 | D:1      | Reached XP level 1. HP: 13/13 MP: 3/3
   208 | D:2      | XOM: silly message
   260 | D:3      | Slain by a shadow imp

Illustrated notes

Levels and vault maps discovered:
D:1:      roderic_chinese_lattice_arrival, layout_rooms
D:2:      layout_basic, hellmonk_ecumenical_altar_blasted,
          kennysheep_cross_bottleneck, minmay_misc_feat_four_crosses
D:3:      layout_basic, minmay_overflow_temple_hex,
          nicolae_overflow_hidden_temple, general_overflow_altar

Action                   || total
-------------------------++-------
Melee: Spear             ||    19
  Use: Potion            ||     1
Armor: Leather armour    ||     9
Dodge: Dodged            ||    27

Table legend: (Time is in decaauts)
 A = Elapsed time spent in this place.
 B = Non-inter-level travel time spent in this place.
 C = Inter-level travel time spent in this place.
 D = Time resting spent in this place.
 E = Time spent auto-exploring this place.
 F = Levels seen in this place.
 G = Mean time per level.
                   A        B        C        D        E       F      G
               +--------+--------+--------+--------+--------+-----+--------+
         Total |    260 |    260 |      0 |      0 |      0 |   3 |   86.7 |
       Dungeon |    260 |    260 |      0 |      0 |      0 |   3 |   86.7 |
               +--------+--------+--------+--------+--------+-----+--------+

Top non-repeatable levels by time:
     D:2: 197 daAuts
     D:1: 47 daAuts
     D:3: 16 daAuts
